 Dungeon Crawl Stone Soup version 0.26.0-10-g1f06aea511 (webtiles) character file.

Game seed: 10341501547402734121

865 Borgoz the Slasher (level 8, -3/66 HPs)
             Began as a Ghoul Gladiator on Jan 13, 2021.
             Was an Initiate of Ashenzari.
             Slain by a water moccasin (7 damage)
             ... on level 5 of the Dungeon.
             The game lasted 00:07:15 (4922 turns).

Borgoz the Slasher (Ghoul Gladiator)                Turns: 4922, Time: 00:07:16

Health: -3/66      AC:  7    Str: 15 (18) XL:     8   Next: 3%
Magic:  7/7        EV: 17    Int:  2 (3)  God:    Ashenzari [......]
Gold:   274        SH:  0    Dex: 10 (12) Spells: 7/7 levels left

rFire    . . .     SeeInvis .   a - +2 long sword
rCold    + + .     Faith    .   (no shield)
rNeg     + + +     Spirit   .   b - +0 leather armour
rPois    ∞         Reflect  .   A - +2 helmet
rElec    .         Harm     .   (no cloak)
rCorr    .         Rampage  .   (no gloves)
Will     .....                  q - +0 pair of boots
Stlth    +.........             (no amulet)
HPRegen  0.00/turn              v - ring of protection from cold
MPRegen  0.10/turn              u - +4 ring of evasion

@: mighty, attractive
A: claws 1, cold resistance 1, negative energy resistance 3, inhibited
regeneration, torment resistance, unbreathing
a: Renounce Religion, Curse Item


You were on level 5 of the Dungeon.
You worshipped Ashenzari.
Ashenzari was noncommittal.
You visited 2 branches of the dungeon, and saw 6 of its levels.

You collected 274 gold pieces.

Inventory:

Hand Weapons
 a - a +2 long sword (weapon)
 c - the +0 hand axe "Ekudaiwk" {vorpal, rElec rPois Will+}
   (You found it on level 5 of the Dungeon)

   It inflicts extra damage upon your enemies.
   It insulates you from electricity.
   It protects you from poison.
   It affects your willpower, your defense against some magical effects.
Missiles
 d - 2 throwing nets (quivered)
Armour
 b - a +0 leather armour (worn)
 q - a +0 pair of boots (worn)
 A - a +2 helmet (worn)
Jewellery
 u - a +4 ring of evasion (right claw)
 v - a ring of protection from cold (left claw)
Wands
 y - a wand of paralysis (9)
Scrolls
 e - 3 scrolls of teleportation
 g - 8 scrolls of remove curse
 j - a scroll of fog
 p - a scroll of magic mapping
Potions
 f - a potion of invisibility
 h - a potion of degeneration
 i - 3 potions of attraction
 m - a potion of mutation {unknown}
 n - 2 potions of might
 o - a potion of cancellation


   Skills:
 + Level 4.1 Fighting
 * Level 5.1 Long Blades
 - Level 1.7 Throwing
 * Level 4.0 Armour
 * Level 5.0 Dodging


You had 7 spell levels left.
You didn't know any spells.
Your spell library was empty.

Dungeon Overview and Level Annotations

Branches:
Dungeon (5/15)             Temple (1/1) D:5

Altars:
Ashenzari
Cheibriados
Dithmenos
Elyvilon
Fedhas
Gozag
Hepliaklqana
Kikubaaqudgha
Makhleb
Nemelex Xobeh
Okawaru
Qazlal
Ru
Sif Muna
Trog
Uskayaw
Vehumet
Wu Jian
Yredelemnul
Zin
The Shining One


Innate Abilities, Weirdness & Mutations

You thrive by killing the living.
You are immune to poison.
You have sharp fingernails.
Your flesh is cold resistant. (rC+)
You are immune to negative energy. (rN+++)
You do not regenerate when monsters are visible.
You are immune to unholy pain and torment.
You can survive without breathing.


Message History

* * * LOW HITPOINT WARNING * * *
You closely miss the water moccasin.
The water moccasin is severely wounded.
The water moccasin bites you.
* * * LOW HITPOINT WARNING * * *
It was a potion of attraction.
You feel attractive to monsters.
The water moccasin completely misses you.
You riposte.
You barely miss the water moccasin.
The water moccasin is severely wounded.
The water moccasin bites you.
* * * LOW HITPOINT WARNING * * *
It was a potion of degeneration.
There was something very wrong with that liquid.
You feel weakened.
You feel dopey.
You feel clumsy. The water moccasin misses you.
It was a potion of might.
You feel very mighty all of a sudden. The water moccasin bites you!
You die...

######.#####.###.#.#.#
#.#.#. #.# #.....#.#.#
####.#.#* #.# #######)#.#
#....#.# #.# #.#.# #.####.#
#.# #.#.# #.####.# #.#
#.#.# #....#.# #.#
#.#.####..#.#.#
#.#*#########.#.#<......#.#
*,,,......S@..#.#########.#
****###########.......†...#
#############


You could see a water moccasin.

Vanquished Creatures
  3 ogres
  A phantom (D:4)
  A scorpion (D:4)
  A hound (D:4)
  A jelly (D:5)
  An orc wizard (D:5)
  A bullfrog skeleton (D:4)
  Terence (D:3)
  An iguana (D:4)
  4 worker ants
  4 gnolls (D:3)
  A worker ant zombie (D:5)
  5 adders
  An adder zombie (D:5)
  An adder skeleton (D:4)
  4 worms
  2 dart slugs
  5 leopard geckos
  8 orcs
  7 giant cockroaches
  2 goblins
  8 hobgoblins
  3 jackals (D:4)
  A quokka (D:4)
  4 ball pythons
  12 bats
  3 frilled lizards
  12 kobolds
  2 leopard gecko skeletons
  5 rats
105 creatures vanquished.

Vanquished Creatures (others)
  A frilled lizard (D:1)
1 creature vanquished.

Grand Total: 106 creatures vanquished

Notes
Turn   | Place    | Note
-------+----------+-------------------------------------------
     0 | D:1      | Borgoz the Ghoul Gladiator began the quest for the Orb.
     0 | D:1      | Reached XP level 1. HP: 17/17 MP: 0/0
   266 | D:1      | Reached XP level 2. HP: 24/24 MP: 1/1
   774 | D:1      | Reached skill level 1 in Armour
   886 | D:1      | Reached XP level 3. HP: 19/30 MP: 2/2
  1776 | D:3      | Reached XP level 4. HP: 34/37 MP: 3/3
  2214 | D:3      | Reached XP level 5. HP: 44/44 MP: 4/4
  2571 | D:3      | Noticed Terence
  2582 | D:3      | Killed Terence
  2654 | D:3      | Found a stormy altar of Qazlal.
  2781 | D:4      | Noticed an ogre
  2795 | D:4      | Killed an ogre
  2796 | D:4      | Reached XP level 6. HP: 16/51 MP: 5/5
  3102 | D:4      | Noticed a phantom
  3140 | D:4      | Killed a phantom
  3141 | D:4      | Reached XP level 7. HP: 14/57 MP: 6/6
  3902 | D:5      | Entered Level 5 of the Dungeon
  4184 | D:5      | Found a staircase to the Ecumenical Temple.
  4191 | D:5      | Got a brightly glowing hand axe
  4320 | Temple   | Entered the Ecumenical Temple
  4469 | Temple   | Became a worshipper of Ashenzari the Shackled
  4673 | D:5      | Reached skill level 5 in Long Blades
  4673 | D:5      | Reached skill level 5 in Dodging
  4673 | D:5      | Reached XP level 8. HP: 56/66 MP: 7/7
  4922 | D:5      | Slain by a water moccasin

Illustrated notes

Levels and vault maps discovered:
D:1:      minmay_arrival_cross, layout_loops_ring
D:2:      layout_basic
D:3:      layout_loops_ring, nicolae_qazlal_eye_of_the_storm, uniq_terence
D:4:      layout_rooms, st_stairs_2
D:5:      layout_basic, minmay_temple_entry_junction_2
Temple:   minmay_crystal_snake_temple

Skill      XL: |  1  2  3  4  5  6  7 |
---------------+----------------------+-----
Armour         | 1 2 3 4 |  4.0
Dodging        | 3 4 5 |  5.0
Long Blades    | 3 4 5 |  5.1
Fighting       | 3 4 |  4.1
Throwing       | |  1.7

Action                   |  1- 3 |  4- 6 |  7- 9 || total
-------------------------+-------+-------+-------++-------
Melee: Long sword        |   134 |   142 |   115 ||   391
Throw: Throwing net      |       |     3 |     1 ||     4
  Use: Scroll            |       |     2 |    13 ||    15
       Potion            |       |       |     3 ||     3
 Stab: Sleeping          |       |       |     1 ||     1
Armor: Leather armour    |    36 |    18 |    26 ||    80
Dodge: Dodged            |   114 |   121 |    99 ||   334
       Rpst.: Long sword |    29 |    36 |    28 ||    93
